 Dungeon Crawl Stone Soup version 0.31-a0-672-g7da72447bb (webtiles) character file.

Game seed: 7333114963837852642

8491 bobo the Fighter (level 11, -1/123 HPs)
             Began as an Ogre Monk on Sept 4, 2023.
             Was an Elder of Wu Jian.
             Slain by a sun demon (24 damage)
             ... summoned by a kobold demonologist
             ... on level 10 of the Dungeon on Sept 5, 2023.
             The game lasted 00:29:44 (12304 turns).

bobo the Fighter (Ogre Monk)                       Turns: 12304, Time: 00:29:46

Health: -1/123     AC:  5    Str: 21    XL:     11   Next: 31%
Magic:  11/11      EV: 12    Int: 11    God:    Wu Jian [****..]
Gold:   569        SH: 13    Dex: 17    Spells: 10/10 levels left

rFire   . . .        b - +4 flail (holy)
rCold   . . .        I - +0 kite shield
rNeg    . . .        L - +0 troll leather armour
rPois   .            (helmet restricted)
rElec   .            w - +0 cloak
rCorr   .            (gloves unavailable)
SInv    .            (boots unavailable)
Will    +....        n - amulet of reflection
Stlth   +            g - +6 ring of dexterity
HPRegen 1.20/turn    (no ring)
MPRegen 0.12/turn

%: reflection
@: no status effects
A: large, unfitting armour, tough skin 1
a: Renounce Religion, Wall Jump, Serpent's Lash


You were on level 10 of the Dungeon.
You worshipped Wu Jian.
Wu Jian was greatly pleased with you.
You visited 1 branch of the dungeon, and saw 10 of its levels.
You also visited: Sewer and Ossuary.

You collected 569 gold pieces.

Inventory:

Hand Weapons
 b - a +4 flail of holy wrath (weapon)
 t - a +0 giant spiked club
Missiles
 l - 4 boomerangs (quivered)
 H - a large rock
Armour
 d - +0 steam dragon scales
 w - a +0 cloak (worn)
 I - a +0 kite shield (worn)
 L - a +0 troll leather armour (worn)
Jewellery
 g - a +6 ring of dexterity (left hand)
 m - an amulet of the acrobat
 n - an amulet of reflection (around neck)
Wands
 u - a wand of paralysis (8)
 A - a wand of flame (5)
Scrolls
 f - 2 scrolls of noise
 k - 3 scrolls of revelation
 p - 2 scrolls of poison
 r - 4 scrolls of fog
 v - 5 scrolls of teleportation
 C - 2 scrolls of amnesia
 D - 2 scrolls of fear
 F - a scroll of torment
 K - 2 scrolls of identify
Potions
 a - 2 potions of attraction
 c - 2 potions of ambrosia
 e - 2 potions of haste {unknown}
 h - 6 potions of mutation
 j - 2 potions of might {unknown}
 o - 3 potions of heal wounds
 q - a potion of resistance {unknown}
 s - 2 potions of magic {unknown}
 x - 2 potions of degeneration {unknown}
 z - a potion of invisibility {unknown}
 B - 2 potions of berserk rage {unknown}
 E - a potion of enlightenment {unknown}
 G - a potion of cancellation {unknown}
 J - 3 potions of curing {unknown}


   Skills:
 + Level 12.0 Fighting
 + Level 8.5 Maces & Flails
 + Level 8.5 Throwing
 + Level 8.4 Dodging


You had 10 spell levels left.
You didn't know any spells.
Your spell library contained the following spells:

 Spells                   Type           Power      Damage    Failure   Level
 Magic Dart               Conj           0%         1d3       75%         1
 Necrotise                Necr           0%         1d4       75%         1
 Slow                     Hex            0%         N/A       75%         1
 Call Imp                 Summ           0%         N/A       86%         2
 Confusing Touch          Hex            0%         N/A       98%         3
 Gell's Gravitas          Tloc           0%         N/A       98%         3
 Mephitic Cloud           Conj/Pois/Air  0%         N/A       98%         3
 Stone Arrow              Conj/Erth      0%         3d7       98%         3
 Teleport Other           Tloc           0%         N/A       98%         3
 Vampiric Draining        Necr           0%         2d6       98%         3
 Animate Armour           Summ/Erth      0%         N/A       100%        4
 Dispersal                Tloc           0%         N/A       100%        6
 Lehudib's Crystal Spear  Conj/Erth      0%         10d2      100%        8


Dungeon Overview and Level Annotations

Branches:
Dungeon (10/15)            Temple (0/1) D:6            Lair (0/5) D:10
  Sewer (visited)         Ossuary (visited)
    Orc: D:9-12

Altars:
Dithmenos
Elyvilon
Kikubaaqudgha
Makhleb
Ru
Sif Muna
Trog
Uskayaw
Vehumet
Wu Jian
Xom
Yredelemnul
Zin
The Shining One


Innate Abilities, Weirdness & Mutations

You are too large for most types of armour.
You have tough skin. (AC +1)


Message History

The ufetubus disappears in a puff of smoke!
There is a stone staircase leading up here.
You block the yak's attack.
You hit the yak.
The yak is moderately wounded.
You block the yak's attack.
You sock the yak!
The yak is heavily wounded.
You block the yak's attack.
You hit the yak but do no damage.
The yak is heavily wounded.
The yak barely misses you.
You sock the yak!
The yak is almost dead.
The yak gores you!
You sock the yak!
You kill the yak!
The Council accepts your kill.
You barely miss the kobold demonologist.
You block the kobold demonologist's attack. x2
You hit the kobold demonologist.
The kobold demonologist is lightly wounded.
The kobold demonologist gestures wildly while chanting.
You hit the kobold demonologist but do no damage.
The kobold demonologist is lightly wounded.
The sun demon hits you!!
You are engulfed in flames!
The kobold demonologist casts a spell.
You hit the kobold demonologist.
The kobold demonologist is lightly wounded.
You block the sun demon's attack.
The kobold demonologist mumbles some strange words.
You block the quasit's attack. x2; The quasit barely misses you.
You hit the kobold demonologist.
The kobold demonologist is lightly wounded.
The sun demon hits you!!
You are engulfed in flames!!
* * * LOW HITPOINT WARNING * * *
You block the quasit's attack. x3
The kobold demonologist looks encouraged for a moment.
The sun demon hits you!!
You die...

.... ###### ##### #....#
##.._.. #.##.# ####..>_.
#.#..# #..#..___ #.#..#
#.##__.._
#.#.#################.##S_.__
#.#.##...5YK@5.........###
#.#.#..######3##...####.##
#.#...#.....#.##...####.#
#.#..##.###.#...........#
#.#.........####...######
#.....#............#
###>#.#########....# #K#...
#....# #.#####.# #....#


You could see a sun demon (summoned), a kobold demonologist, a yak, a quasit
(summoned) and a shadow imp (summoned).

Vanquished Creatures
  2 two-headed ogres (D:9)
  A troll (D:9)
  2 hornets
  A wraith (Ossuary)
  14 yaks
  4 steam dragons
  A warg (D:9)
  Edmund (D:5)
  Duvessa (D:7)
  2 acid dragons
  A water moccasin (D:5)
  4 ice beasts
  2 black bears
  3 ogres
  A centaur (D:7)
  2 kobold brigands
  3 phantoms
  A bullfrog (D:7)
  Blork the orc (D:6)
  5 scorpions
  2 gnoll sergeants (D:8)
  6 killer bees (D:7)
  Dowan (D:7)
  A howler monkey (D:5)
  9 crimson imps (D:7)
  2 hounds
  3 orc priests
  Crazy Yiuf (D:3)
  3 jellies
  5 sleepcaps
  4 iguanas
  5 orc wizards
  A mummy (Ossuary)
  9 gnolls
  8 adders
  A river rat (Sewer)
  5 white imps
  4 ufetubi
  2 worms
  A dart slug (D:5)
  17 orcs
  5 endoplasms
  2 giant cockroaches
  7 goblins
  7 hobgoblins
  2 jackals (D:4)
  6 quokkas
  18 ball pythons
  6 bats
  6 frilled lizards
  4 gnoll skeletons (Ossuary)
  17 kobolds
  6 kobold skeletons (Ossuary)
  15 orc skeletons (Ossuary)
  8 rats
251 creatures vanquished.

Notes
Turn   | Place    | Note
-------+----------+-------------------------------------------
     0 | D:1      | bobo the Ogre Monk began the quest for the Orb.
     0 | D:1      | Reached XP level 1. HP: 24/24 MP: 1/1
   151 | D:1      | Reached XP level 2. HP: 23/33 MP: 2/2
   896 | D:2      | Reached XP level 3. HP: 31/40 MP: 3/3
  1761 | D:2      | Reached skill level 5 in Fighting
  1761 | D:2      | Reached XP level 4. HP: 40/50 MP: 4/4
  2012 | D:3      | Found a glowing drain.
  2029 | Sewer    | Entered a sewer
  2036 | Sewer    | Reached skill level 1 in Throwing
  2362 | Sewer    | Reached XP level 5. HP: 30/57 MP: 5/5
  2598 | D:3      | Found a shadowy altar of Dithmenos.
  3095 | D:3      | Found a hide-covered altar of Uskayaw.
  3264 | D:3      | Found a runed translucent door.
  3265 | D:3      | Noticed Crazy Yiuf
  3275 | D:3      | Killed Crazy Yiuf
  3658 | D:4      | Reached XP level 6. HP: 62/67 MP: 6/6
  3682 | D:4      | Found a hide-covered altar of Uskayaw.
  3955 | D:4      | Reached skill level 6 in Fighting
  3991 | D:4      | Found an ornate altar of the Wu Jian Council.
  3999 | D:4      | Became a worshipper of the Wu Jian Council
  3999 | D:4      | Reached * piety under Wu Jian
  3999 | D:4      | Reached ** piety under Wu Jian
  4253 | D:4      | Identified the +1 whip of Tesim {holy, rCorr Int-3 Dex+9}
  4353 | D:4      | Reached XP level 7. HP: 75/75 MP: 7/7
  4598 | D:5      | Entered Level 5 of the Dungeon
  5308 | D:5      | Found a basalt altar of Yredelemnul.
  5328 | D:5      | Reached skill level 7 in Fighting
  5623 | D:5      | Found a bloodstained altar of Trog.
  5762 | D:5      | Reached skill level 5 in Maces & Flails
  5762 | D:5      | Reached XP level 8. HP: 87/87 MP: 8/8
  6366 | D:6      | Reached skill level 5 in Dodging
  6465 | D:6      | Noticed Blork the orc
  6471 | D:6      | Killed Blork the orc
  6592 | D:6      | Found a staircase to the Ecumenical Temple.
  6601 | D:6      | Reached skill level 8 in Fighting
  6651 | D:6      | Noticed Edmund
  6666 | D:6      | Found a burning altar of Makhleb.
  6884 | D:5      | Killed Edmund
  7017 | D:6      | Reached skill level 5 in Throwing
  7036 | D:6      | Reached XP level 9. HP: 94/97 MP: 9/9
  7377 | D:6      | Reached *** piety under Wu Jian
  7719 | D:6      | Found a sacrificial altar of Ru.
  7875 | D:7      | Reached skill level 9 in Fighting
  8345 | D:7      | Noticed a hornet
  8350 | D:7      | Killed a hornet
  8725 | D:7      | Found an ancient bone altar of Kikubaaqudgha.
  8744 | D:7      | Found a shimmering blue altar of Sif Muna.
  8745 | D:7      | Found a radiant altar of Vehumet.
  8748 | D:7      | Got Kikubaaqudgha's Elucidation of Stolen Souls
  8841 | D:7      | Reached skill level 10 in Fighting
  8841 | D:7      | Reached XP level 10. HP: 105/110 MP: 10/10
  8967 | D:7      | Noticed Duvessa
  8967 | D:7      | Noticed Dowan
  8977 | D:7      | Killed Duvessa
  8979 | D:7      | Killed Dowan
  9155 | D:8      | Found a sand-covered staircase.
  9160 | Ossuary  | Entered an ossuary
  9172 | Ossuary  | Reached **** piety under Wu Jian
 10510 | D:8      | Paralysed by a hornet for 2 turns
 10515 | D:8      | Reached skill level 11 in Fighting
 11207 | D:9      | Noticed a two-headed ogre
 11211 | D:9      | Killed a two-headed ogre
 11238 | D:9      | Reached XP level 11. HP: 104/120 MP: 11/11
 11337 | D:9      | Noticed a two-headed ogre
 11344 | D:9      | Killed a two-headed ogre
 11401 | D:9      | Found a glowing golden altar of the Shining One.
 11401 | D:9      | Found a white marble altar of Elyvilon.
 11401 | D:9      | Found a glowing silver altar of Zin.
 11972 | D:10     | Entered Level 10 of the Dungeon
 12062 | D:10     | Found a staircase to the Lair.
 12146 | D:10     | Found a shimmering altar of Xom.
 12146 | D:10     | Found a shimmering altar of Xom.
 12146 | D:10     | Found a shimmering altar of Xom.
 12146 | D:10     | Found a shimmering altar of Xom.
 12146 | D:10     | Found a shimmering altar of Xom.
 12146 | D:10     | Found a shimmering altar of Xom.
 12147 | D:10     | Found a shimmering altar of Xom.
 12148 | D:10     | Found a shimmering altar of Xom.
 12148 | D:10     | Found a shimmering altar of Xom.
 12149 | D:10     | Found a shimmering altar of Xom.
 12149 | D:10     | Found a shimmering altar of Xom.
 12249 | D:10     | Reached skill level 12 in Fighting
 12302 | D:10     | Noticed a sun demon
 12304 | D:10     | Slain by a sun demon

Illustrated notes

Levels and vault maps discovered:
D:1:      psy_arrival_basics, layout_loops_ring
D:2:      minmay_thinvault, layout_loops_ring, serial_rivers,
          chequers_serial_rivers_micro_a, chequers_serial_rivers_large_a,
          chequers_serial_rivers_micro_a, chequers_serial_rivers_marsh,
          chequers_serial_rivers_small_a
D:3:      layout_basic, overflow_temple_1_default,
          mainiacjoe_overflow_small_starburst, portal_sewer_entry_f,
          hangedman_decor_clover_reticule, dk_noncrumbling_4,
          uniq_crazy_yiuf_cottage
D:4:      layout_cave_pools, nicolae_wu_jian_glorious_leap, minmay_ruined_shrine
D:5:      layout_layer_cave, mainiacjoe_overflow_six_doors_small,
          mainiacjoe_overflow_tiny_flanked, serial_glass, glass_columns_c,
          glass_columns_b, glass_columns_a, glass_columns_c, glass_columns_a,
          glass_columns_c, glass_columns_a, glass_columns_a, glass_columns_a,
          glass_columns_b, small_statue_alley_b, grunt_decor_cap
D:6:      layout_gridville, nicolae_ru_path_of_blood, bloody_makhleb,
          minmay_temple_entry_purple_smoke, dreamdust_gnoll_farm, uniq_edmund,
          uniq_blork_the_orc
D:7:      dreamdust_elfheim, layout_loops_corners,
          grunt_temple_overflow_magic_moments, minmay_nine_imps
D:8:      layout_basic, nicolae_ossuary_entry_false_entrances,
          kennysheep_generic_room_6
D:9:      layout_long_grid, dreamdust_divine_triumvirate, serial_glass,
          glass_columns_a, glass_columns_b, feat_on_display
D:10:     layout_basic, chei_slow_surprise, xom_shifter_show,
          erik_lair_orcish_takeover

Skill      XL: |  1  2  3  4  5  6  7  8  9 10 11 |
---------------+----------------------------------+-----
Maces & Flails | 3 4 5 6 8 |  8.5
Dodging        | 3 4 5 6 8 |  8.4
Fighting       | 5 6 7 8 10 11 12 | 12.0
Throwing       | 1 2 4 5 6 8 |  8.5

Action                     |  1- 3 |  4- 6 |  7- 9 | 10-12 || total
---------------------------+-------+-------+-------+-------++-------
  Melee: Mace              |    78 |    69 |       |       ||   147
         Quarterstaff      |       |    41 |       |       ||    41
         Whip              |       |     8 |   101 |       ||   109
         Giant spiked club |       |       |    52 |    27 ||    79
         Flail             |       |       |   119 |   240 ||   359
         Punch             |       |       |     1 |       ||     1
  Throw: Boomerang         |     5 |    73 |    40 |    22 ||   140
         Large rock        |       |       |    34 |     8 ||    42
 Invoke: Serpent's Lash    |       |       |       |     3 ||     3
Ability: Lunge             |       |       |    19 |    32 ||    51
         Whirlwind         |       |       |     4 |    25 ||    29
         Wall Jump         |       |       |     2 |     4 ||     6
    Use: Scroll            |     1 |     4 |     9 |     3 ||    17
         Potion            |       |       |     1 |     1 ||     2
   Stab: Sleeping          |       |       |     1 |       ||     1
 Armour: Robe              |    39 |    75 |   188 |    26 ||   328
         Steam dragon scal |       |       |       |    64 ||    64
         Troll leather arm |       |       |       |    64 ||    64
  Dodge: Dodged            |    50 |    61 |   192 |   109 ||   412
  Block: Orb               |       |    17 |    30 |       ||    47
         Other             |       |    10 |    37 |    31 ||    78
         Reflection        |       |       |     3 |       ||     3
         Kite shield       |       |       |       |    80 ||    80

Table legend: (Time is in decaauts)
 A = Elapsed time spent in this place.
 B = Non-inter-level travel time spent in this place.
 C = Inter-level travel time spent in this place.
 D = Time resting spent in this place.
 E = Time spent auto-exploring this place.
 F = Levels seen in this place.
 G = Mean time per level.
                   A        B        C        D        E       F      G
               +--------+--------+--------+--------+--------+-----+--------+
         Total |  12460 |  12051 |    409 |   1361 |   8537 |  12 | 1038.3 |
       Dungeon |  11703 |  11294 |    409 |   1135 |   8249 |  10 | 1170.3 |
         Sewer |    553 |    553 |      0 |    226 |    198 |   1 |  553.0 |
       Ossuary |    204 |    204 |      0 |      0 |     90 |   1 |  204.0 |
               +--------+--------+--------+--------+--------+-----+--------+

Top non-repeatable levels by time:
     D:5: 1773 daAuts
     D:8: 1632 daAuts
     D:7: 1402 daAuts
     D:4: 1280 daAuts
     D:2: 1215 daAuts
     D:3: 1106 daAuts
     D:6: 1106 daAuts
     D:9: 1088 daAuts
     D:1: 815 daAuts
   Sewer: 553 daAuts
    D:10: 283 daAuts
 Ossuary: 204 daAuts
